Abbotsford Heat vs Kelowna Rockets
Created - Sunday, February 16, 2025 at 09:15
Goals
|
| Abbotsford Heat |
0 |
3 |
3 |
6 |
| Kelowna Rockets |
0 |
4 |
0 |
4 |
|
Shots
|
| Abbotsford Heat |
11 |
11 |
23 |
45 |
| Kelowna Rockets |
7 |
17 |
18 |
42 |
|
1st period
No Goal
Penalties :
Riley Bezeau (KEL) for Delaying the game (Minor) at 4:56
2nd period
1. Kelowna Rockets , Roby Jarventie 5 (Maxence Guenette 3, Jesse Ylonen 9) at 1:06
2. Kelowna Rockets , Mavrik Bourque 4 (Bobby McMann 8, Jake Christiansen 6) at 1:31
3. Abbotsford Heat , Nicolas Petan 9 (Rafael Harvey-Pinard 13) at 1:41
4. Kelowna Rockets , Riley Nash 6 (Jake Bean 6) at 1:55
5. Abbotsford Heat , Ben Meyers 11 (Devin Shore 9) at 3:26 (PP)
6. Kelowna Rockets , Adam Sykora 2 (Jake Bean 7) at 10:12
7. Abbotsford Heat , Xavier Simoneau 3 (Dennis Gilbert 4, Daniil Miromanov 7) at 16:52
Penalties :
Eemil Viro (KEL) for Tripping (Minor) at 3:13, Maxence Guenette (KEL) for Interference (Minor) at 4:07, Hardy Haman Aktell (KEL) for Cross-checking (Minor) at 11:46
3rd period
8. Abbotsford Heat , Benoit-Olivier Groulx 4 (Daniil Miromanov 8, Dennis Gilbert 5) at 6:19
9. Abbotsford Heat , Benoit-Olivier Groulx 5 (Nikita Nesterenko 6, Garnet Hathaway 8) at 8:14
10. Abbotsford Heat , Matvei Petrov 2 (Vincent Iorio 2, Ben Meyers 6) at 14:58
Penalties :
Matvei Petrov (ABH) for Slashing (Minor) at 10:29
Goalie Stats
Pheonix Copley (ABH), 38 saves from 42 shots - (0.905), W, 8-3-1, 60:00 minutes
Oscar Dansk (KEL), 39 saves from 45 shots - (0.867), L, 2-4-1, 60:00 minutes
Players Stats for Abbotsford Heat
Player Name G A P +/- PIM S H SB GA TA FO MP PP MP PK MP
------------------------------------------------------------------------------------
0 0 0 0 0 0 0 0 0 0 0/0 0:00 0:00 0:00
Ben Meyers 1 1 2 0 0 4 2 1 2 0 1/1 19:22 2:55 0:00
Benoit-Olivier Groulx 2 0 2 1 0 6 2 0 0 1 6/13 12:35 0:03 0:00
Daniil Miromanov 0 2 2 1 0 4 0 1 0 2 0/0 22:48 3:28 1:03
Dennis Gilbert 0 2 2 1 0 2 2 0 0 0 0/0 22:47 3:28 1:03
Devin Shore 0 1 1 0 0 2 1 3 0 1 8/16 20:31 2:55 1:06
Gabriel Fortier 0 0 0 1 0 1 2 0 1 0 0/0 12:11 0:00 0:00
Garnet Hathaway 0 1 1 -1 0 1 7 1 1 0 2/6 17:30 2:58 0:53
Gavin Bayreuther 0 0 0 0 0 0 0 0 0 0 0/0 15:45 0:00 0:00
Lucas Condotta 0 0 0 1 0 2 1 0 0 0 0/0 10:01 0:23 0:00
Luke Toporowski 0 0 0 1 0 3 0 0 0 0 1/1 8:58 0:00 0:00
Matvei Petrov 1 0 1 0 2 1 2 0 0 0 1/2 19:17 2:55 0:00
Nicolas Petan 1 0 1 -1 0 3 1 1 1 0 11/23 17:53 3:09 0:53
Nikita Nesterenko 0 1 1 1 0 3 1 0 0 1 0/0 12:11 0:00 0:00
Rafael Harvey-Pinard 0 1 1 -1 0 2 0 1 1 1 1/1 18:06 3:06 1:06
Tyler Wotherspoon 0 0 0 0 0 2 0 1 0 1 0/0 21:27 2:42 0:56
Uvis Balinskis 0 0 0 0 0 2 2 1 0 0 0/0 21:27 2:42 0:56
Vincent Iorio 0 1 1 0 0 1 1 2 0 0 0/0 15:45 0:00 0:00
Xavier Simoneau 1 0 1 1 0 6 0 0 1 0 3/3 9:25 0:06 0:00
Players Stats for Kelowna Rockets
Player Name G A P +/- PIM S H SB GA TA FO MP PP MP PK MP
------------------------------------------------------------------------------------
0 0 0 0 0 0 0 0 0 0 0/0 0:00 0:00 0:00
Adam Raska 0 0 0 -2 0 1 0 0 0 0 1/1 13:42 0:00 0:00
Adam Sykora 1 0 1 0 0 3 0 0 2 0 2/5 9:59 0:00 0:16
Aku Raty 0 0 0 0 0 1 3 0 1 0 0/1 15:39 0:53 0:00
Bobby McMann 0 1 1 1 0 5 2 0 1 0 2/6 17:48 1:06 3:02
Christoffer Sedoff 0 0 0 -1 0 1 0 1 0 0 0/0 14:41 0:00 0:27
Eemil Viro 0 0 0 -1 2 0 0 1 0 0 0/0 15:42 0:00 1:31
Hardy Haman Aktell 0 0 0 0 2 0 0 2 0 0 0/0 19:22 1:22 2:30
Jake Bean 0 2 2 0 0 4 1 2 1 2 0/0 25:45 0:37 2:23
Jake Christiansen 0 1 1 0 0 1 4 2 0 2 0/0 20:16 1:22 4:02
Jesse Ylonen 0 1 1 0 0 4 1 0 1 1 0/0 18:31 0:53 2:52
Joel Kiviranta 0 0 0 1 0 0 0 1 0 0 3/4 17:37 1:06 2:52
Mavrik Bourque 1 0 1 1 0 9 1 0 1 0 11/25 17:48 1:06 3:02
Maxence Guenette 0 1 1 0 2 2 0 1 0 0 0/0 24:43 0:37 1:27
Navrin Mutter 0 0 0 0 0 0 1 0 0 0 0/0 9:11 0:00 0:00
Oskar Back 0 0 0 -2 0 0 0 0 0 2 5/12 13:42 0:00 0:00
Riley Bezeau 0 0 0 0 2 1 2 0 0 0 0/0 9:11 0:00 0:00
Riley Nash 1 0 1 0 0 5 2 1 0 0 8/12 15:39 0:53 0:00
Roby Jarventie 1 0 1 -2 0 5 0 0 0 0 0/0 14:30 0:00 0:16
3 Stars
1 - Benoit-Olivier Groulx (ABH)
2 - Ben Meyers (ABH)
3 - Dennis Gilbert (ABH)
Power Play
Abbotsford Heat - 1 on 3 Attempt(s) - 33.33%
Kelowna Rockets - 0 on 2 Attempt(s) - 0.00%
Penalty Kill
Abbotsford Heat - 2 on 2 Attempt(s) - 100.00%
- Score 0 goal in Penalty Kill
Kelowna Rockets - 2 on 3 Attempt(s) - 66.67%
- Score 0 goal in Penalty Kill
Team Stat
Abbotsford Heat - Hits : 24 - Faceoff Wins : 34 - Blocked Shots : 12 - Penalty Minutes : 2
Kelowna Rockets - Hits : 17 - Faceoff Wins : 32 - Blocked Shots : 11 - Penalty Minutes : 8
Official
Referees : Mitch Dunning and Cody Beach
Linesman : Julien Fournier and Tyson Baker
Game Notes
15:26 of 3rd period - Penalty Shot by Dennis Gilbert for Abbotsford Heat - Stopped by Oscar Dansk
Abbotsford Heat
5 vs 5 Forward
Center Left Wing Right Wing Time % Phy DF OF
1 Nicolas Petan Garnet Hathaway Rafael Harvey-Pinard 30 1 2 2
2 Devin Shore Ben Meyers Matvei Petrov 30 1 2 2
3 Benoit-Olivier Groulx Gabriel Fortier Nikita Nesterenko 25 1 2 2
4 Xavier Simoneau Luke Toporowski Lucas Condotta 15 1 2 2
5 vs 5 Defense
Defense Defense Time % Phy DF OF
1 Daniil Miromanov Dennis Gilbert 35 1 2 2
2 Uvis Balinskis Tyler Wotherspoon 35 1 2 2
3 Vincent Iorio Gavin Bayreuther 30 1 2 2
4 Daniil Miromanov Dennis Gilbert 0 1 2 2
PowerPlay Forward
Center Left Wing Right Wing Time % Phy DF OF
1 Nicolas Petan Garnet Hathaway Rafael Harvey-Pinard 50 1 2 2
2 Devin Shore Ben Meyers Matvei Petrov 50 1 2 2
PowerPlay Defense
Defense Defense Time % Phy DF OF
1 Daniil Miromanov Dennis Gilbert 50 1 2 2
2 Uvis Balinskis Tyler Wotherspoon 50 1 2 2
Penalty Kill 4 Players Forward
Center Wing Time % Phy DF OF
1 Garnet Hathaway Nicolas Petan 50 1 2 2
2 Rafael Harvey-Pinard Devin Shore 50 1 2 2
Penalty Kill 4 Players Defense
Defense Defense Time % Phy DF OF
1 Daniil Miromanov Dennis Gilbert 50 1 2 2
2 Uvis Balinskis Tyler Wotherspoon 50 1 2 2
Penalty Kill - 3 Players Forward
Forward Time % Phy DF OF
1 Garnet Hathaway 50 1 2 2
2 Nicolas Petan 50 1 2 2
Penalty Kill - 3 Players Defense
Defense Defense Time % Phy DF OF
1 Daniil Miromanov Dennis Gilbert 50 1 2 2
2 Uvis Balinskis Tyler Wotherspoon 50 1 2 2
4 vs 4 Forward
Center Wing Time % Phy DF OF
1 Garnet Hathaway Nicolas Petan 50 1 2 2
2 Rafael Harvey-Pinard Devin Shore 50 1 2 2
4 vs 4 Defense
Defense Defense Time % Phy DF OF
1 Daniil Miromanov Dennis Gilbert 50 1 2 2
2 Uvis Balinskis Tyler Wotherspoon 50 1 2 2
Last Minutes Offensive
Center Left Wing Right Wing Defense Defense
Nicolas Petan Garnet Hathaway Rafael Harvey-Pinard Daniil Miromanov Dennis Gilbert
Last Minutes Defensive
Center Left Wing Right Wing Defense Defense
Nicolas Petan Garnet Hathaway Rafael Harvey-Pinard Daniil Miromanov Dennis Gilbert
Goaltenders
Starting : Pheonix Copley
Backup : Ales Stezka
Extra Forwards
Normal : Lucas Condotta, Xavier Simoneau, Benoit-Olivier Groulx - PP : Lucas Condotta, Xavier Simoneau - PK : Benoit-Olivier Groulx
Extra Defensemen
Normal : Vincent Iorio, Gavin Bayreuther, Uvis Balinskis - PP : Vincent Iorio - PK : Gavin Bayreuther, Uvis Balinskis
Penalty Shots
Garnet Hathaway, Nicolas Petan, Rafael Harvey-Pinard, Devin Shore, Benoit-Olivier Groulx
Scratches
Kyle Masters (Healthy), Tucker Robertson (Healthy), Ryan Francis (Healthy), Ivan Prosvetov (Healthy)
Kelowna Rockets
5 vs 5 Forward
Center Left Wing Right Wing Time % Phy DF OF
1 Mavrik Bourque Bobby McMann Joel Kiviranta 30 1 2 2
2 Riley Nash Jesse Ylonen Aku Raty 30 1 2 2
3 Oskar Back Roby Jarventie Adam Raska 25 1 2 2
4 Adam Sykora Navrin Mutter Riley Bezeau 15 1 2 2
5 vs 5 Defense
Defense Defense Time % Phy DF OF
1 Jake Bean Maxence Guenette 30 1 2 2
2 Jake Christiansen Hardy Haman Aktell 30 1 2 2
3 Christoffer Sedoff Eemil Viro 25 1 2 2
4 Jake Bean Maxence Guenette 15 1 2 2
PowerPlay Forward
Center Left Wing Right Wing Time % Phy DF OF
1 Mavrik Bourque Bobby McMann Joel Kiviranta 50 1 2 2
2 Riley Nash Jesse Ylonen Aku Raty 50 1 2 2
PowerPlay Defense
Defense Defense Time % Phy DF OF
1 Jake Bean Maxence Guenette 50 1 2 2
2 Jake Christiansen Hardy Haman Aktell 50 1 2 2
Penalty Kill 4 Players Forward
Center Wing Time % Phy DF OF
1 Bobby McMann Mavrik Bourque 50 1 2 2
2 Joel Kiviranta Jesse Ylonen 50 1 2 2
Penalty Kill 4 Players Defense
Defense Defense Time % Phy DF OF
1 Jake Bean Maxence Guenette 50 1 2 2
2 Jake Christiansen Hardy Haman Aktell 50 1 2 2
Penalty Kill - 3 Players Forward
Forward Time % Phy DF OF
1 Bobby McMann 50 1 2 2
2 Mavrik Bourque 50 1 2 2
Penalty Kill - 3 Players Defense
Defense Defense Time % Phy DF OF
1 Jake Bean Maxence Guenette 50 1 2 2
2 Jake Christiansen Hardy Haman Aktell 50 1 2 2
4 vs 4 Forward
Center Wing Time % Phy DF OF
1 Bobby McMann Mavrik Bourque 50 1 2 2
2 Joel Kiviranta Jesse Ylonen 50 1 2 2
4 vs 4 Defense
Defense Defense Time % Phy DF OF
1 Jake Bean Maxence Guenette 50 1 2 2
2 Jake Christiansen Hardy Haman Aktell 50 1 2 2
Last Minutes Offensive
Center Left Wing Right Wing Defense Defense
Mavrik Bourque Bobby McMann Joel Kiviranta Jake Bean Maxence Guenette
Last Minutes Defensive
Center Left Wing Right Wing Defense Defense
Mavrik Bourque Bobby McMann Joel Kiviranta Jake Bean Maxence Guenette
Goaltenders
Starting : Oscar Dansk
Backup : Eetu Makiniemi
Extra Forwards
Normal : Roby Jarventie, Oskar Back, Adam Sykora - PP : Roby Jarventie, Oskar Back - PK : Adam Sykora
Extra Defensemen
Normal : Christoffer Sedoff, Eemil Viro, Jake Christiansen - PP : Christoffer Sedoff - PK : Eemil Viro, Jake Christiansen
Penalty Shots
Bobby McMann, Mavrik Bourque, Joel Kiviranta, Jesse Ylonen, Riley Nash
Scratches
Jacob Perreault (Healthy), Samu Tuomaala (Healthy), Raivis Ansons (Healthy), Ole Julian Bjorgvik Holm (Healthy), Connor G. Murphy (Healthy)
% Time on Ice - Abbotsford Heat
Lines # - Real PCT - Wanted PCT - Time Play
Normal Forward
1 - 27% - 30% - 13:51
2 - 32% - 30% - 16:51
3 - 23% - 25% - 12:11
4 - 17% - 15% - 8:58
Normal Defense
1 - 34% - 35% - 17:40
2 - 34% - 35% - 17:49
3 - 30% - 30% - 15:45
4 - 1% - 0% - 0:37
PP Forward
1 - 51% - 50% - 3:09
2 - 49% - 50% - 3:01
PP Defense
1 - 56% - 50% - 3:28
2 - 44% - 50% - 2:42
PK Forward
1 - 45% - 50% - 0:53
2 - 55% - 50% - 1:06
PK Defense
1 - 53% - 50% - 1:03
2 - 47% - 50% - 0:56
PK3 Forward
1 - 0% - 50%
2 - 0% - 50%
PK3 Defense
1 - 0% - 50%
2 - 0% - 50%
44 Forward
1 - 0% - 50%
2 - 0% - 50%
44 Defense
1 - 0% - 50%
2 - 0% - 50%
Last Minute Offensive - 0:00
Last Minute Defensive - 0:00
Total
Forward - 60:00
Defense - 60:00
|
% Time on Ice - Kelowna Rockets
Lines # - Real PCT - Wanted PCT - Time Play
Normal Forward
1 - 27% - 30% - 13:52
2 - 29% - 30% - 15:06
3 - 26% - 25% - 13:42
4 - 18% - 15% - 9:11
Normal Defense
1 - 31% - 30% - 16:11
2 - 30% - 30% - 15:19
3 - 27% - 25% - 13:47
4 - 13% - 15% - 6:34
PP Forward
1 - 55% - 50% - 1:06
2 - 45% - 50% - 0:53
PP Defense
1 - 31% - 50% - 0:37
2 - 69% - 50% - 1:22
PK Forward
1 - 51% - 50% - 3:09
2 - 49% - 50% - 3:01
PK Defense
1 - 39% - 50% - 2:23
2 - 61% - 50% - 3:47
PK3 Forward
1 - 0% - 50%
2 - 0% - 50%
PK3 Defense
1 - 0% - 50%
2 - 0% - 50%
44 Forward
1 - 0% - 50%
2 - 0% - 50%
44 Defense
1 - 0% - 50%
2 - 0% - 50%
Last Minute Offensive - 0:00
Last Minute Defensive - 0:00
Total
Forward - 60:00
Defense - 60:00
|
Play-by-Play
1st period
0:01 of 1st period - Nicolas Petan wins face-off versus Bobby McMann in neutral zone.
0:26 of 1st period - Aku Raty is hit by Ben Meyers and loses puck.
1:20 of 1st period - Wrist shot by Benoit-Olivier Groulx.
1:20 of 1st period - Stopped by Oscar Dansk without a rebound.
1:21 of 1st period - Adam Sykora wins face-off versus Devin Shore in Kelowna Rockets zone.
1:32 of 1st period - Snap shot by Riley Bezeau.
1:32 of 1st period - Shot Misses the Net.
2:10 of 1st period - Snap shot by Roby Jarventie.
2:10 of 1st period - Stopped by Pheonix Copley with a rebound.
2:32 of 1st period - Icing by Tyler Wotherspoon.
2:33 of 1st period - Xavier Simoneau wins face-off versus Adam Sykora in Abbotsford Heat zone.
2:38 of 1st period - Adam Sykora is hit by Uvis Balinskis and loses puck.
3:01 of 1st period - Wrist shot by Luke Toporowski.
3:01 of 1st period - Stopped by Oscar Dansk with a rebound.
3:03 of 1st period - Snap shot by Luke Toporowski.
3:03 of 1st period - Shot Blocked by Jake Christiansen.
3:07 of 1st period - Snap shot by Xavier Simoneau.
3:07 of 1st period - Shot Misses the Net.
3:09 of 1st period - Snap shot by Uvis Balinskis.
3:09 of 1st period - Shot Misses the Net.
3:11 of 1st period - Slapshot by Uvis Balinskis.
3:11 of 1st period - Stopped by Oscar Dansk with a rebound.
3:13 of 1st period - Slapshot by Xavier Simoneau.
3:13 of 1st period - Stopped by Oscar Dansk with a rebound.
3:17 of 1st period - Snap shot by Xavier Simoneau.
3:17 of 1st period - Stopped by Oscar Dansk without a rebound.
3:18 of 1st period - Devin Shore wins face-off versus Mavrik Bourque in Kelowna Rockets zone.
3:31 of 1st period - Slapshot by Mavrik Bourque.
3:31 of 1st period - Stopped by Pheonix Copley without a rebound.
3:32 of 1st period - Nicolas Petan wins face-off versus Oskar Back in Abbotsford Heat zone.
4:21 of 1st period - Wrist shot by Riley Nash.
4:21 of 1st period - Shot Misses the Net.
4:29 of 1st period - Slapshot by Aku Raty.
4:29 of 1st period - Shot Misses the Net.
4:31 of 1st period - Slapshot by Jake Bean.
4:31 of 1st period - Shot Misses the Net.
4:47 of 1st period - Slapshot by Adam Sykora.
4:47 of 1st period - Stopped by Pheonix Copley with a rebound.
4:56 of 1st period - Minor Penalty to Riley Bezeau for Delaying the game.
4:57 of 1st period - Bobby McMann wins face-off versus Nicolas Petan in Kelowna Rockets zone.
5:13 of 1st period - Snap shot by Nicolas Petan.
5:13 of 1st period - Shot Misses the Net.
5:33 of 1st period - Backhand shot by Daniil Miromanov.
5:33 of 1st period - Stopped by Oscar Dansk with a rebound.
6:56 of 1st period - Penalty to Riley Bezeau is over, Riley Bezeau is back on ice.
7:59 of 1st period - Benoit-Olivier Groulx is hit by Riley Nash and loses puck.
9:03 of 1st period - Jake Christiansen is hit by Garnet Hathaway.
9:15 of 1st period - Dennis Gilbert is hit by Riley Bezeau and loses puck.
10:04 of 1st period - Jake Christiansen is hit by Matvei Petrov.
10:28 of 1st period - Icing by Rafael Harvey-Pinard.
10:29 of 1st period - Nicolas Petan wins face-off versus Oskar Back in Abbotsford Heat zone.
11:04 of 1st period - Bobby McMann is hit by Uvis Balinskis and loses puck.
11:24 of 1st period - Snap shot by Mavrik Bourque.
11:24 of 1st period - Shot Blocked by Devin Shore.
11:30 of 1st period - Bobby McMann is hit by Matvei Petrov and loses puck.
11:49 of 1st period - Snap shot by Nicolas Petan.
11:49 of 1st period - Stopped by Oscar Dansk with a rebound.
11:53 of 1st period - Wrist shot by Garnet Hathaway.
11:53 of 1st period - Shot Blocked by Christoffer Sedoff.
12:03 of 1st period - Snap shot by Benoit-Olivier Groulx.
12:03 of 1st period - Deflect By Nikita Nesterenko.
12:03 of 1st period - Stopped by Oscar Dansk with a rebound.
12:13 of 1st period - Slapshot by Jesse Ylonen.
12:13 of 1st period - Stopped by Pheonix Copley with a rebound.
12:47 of 1st period - Jake Christiansen is hit by Lucas Condotta and loses puck.
12:54 of 1st period - Wrist shot by Xavier Simoneau.
12:54 of 1st period - Stopped by Oscar Dansk with a rebound.
13:06 of 1st period - Riley Nash is hit by Garnet Hathaway and loses puck.
14:17 of 1st period - Jake Christiansen is hit by Garnet Hathaway and loses puck.
14:41 of 1st period - Snap shot by Ben Meyers.
14:41 of 1st period - Shot Misses the Net.
15:13 of 1st period - Lucas Condotta is hit by Bobby McMann and loses puck.
16:10 of 1st period - Icing by Joel Kiviranta.
16:11 of 1st period - Mavrik Bourque wins face-off versus Benoit-Olivier Groulx in Kelowna Rockets zone.
16:16 of 1st period - Joel Kiviranta is hit by Benoit-Olivier Groulx and loses puck.
16:36 of 1st period - Ben Meyers is hit by Aku Raty and loses puck.
16:51 of 1st period - Snap shot by Adam Sykora.
16:51 of 1st period - Shot Misses the Net.
16:58 of 1st period - Icing by Devin Shore.
16:59 of 1st period - Mavrik Bourque wins face-off versus Matvei Petrov in Abbotsford Heat zone.
17:00 of 1st period - Snap shot by Bobby McMann.
17:00 of 1st period - Shot Misses the Net.
17:02 of 1st period - Snap shot by Joel Kiviranta.
17:02 of 1st period - Shot Blocked by Ben Meyers.
17:16 of 1st period - Snap shot by Ben Meyers.
17:16 of 1st period - Deflect By Devin Shore.
17:16 of 1st period - Shot Blocked by Joel Kiviranta.
17:16 of 1st period - Puck is out of play.
17:17 of 1st period - Riley Nash wins face-off versus Nicolas Petan in Kelowna Rockets zone.
17:22 of 1st period - Uvis Balinskis is hit by Jake Christiansen and loses puck.
17:45 of 1st period - Snap shot by Mavrik Bourque.
17:45 of 1st period - Shot Blocked by Tyler Wotherspoon.
17:47 of 1st period - Slapshot by Christoffer Sedoff.
17:47 of 1st period - Stopped by Pheonix Copley with a rebound.
17:53 of 1st period - Snap shot by Mavrik Bourque.
17:53 of 1st period - Stopped by Pheonix Copley without a rebound.
17:54 of 1st period - Devin Shore wins face-off versus Aku Raty in Abbotsford Heat zone.
17:54 of 1st period - Devin Shore is hit by Jesse Ylonen.
18:00 of 1st period - Maxence Guenette is hit by Dennis Gilbert and loses puck.
18:19 of 1st period - Jake Bean is hit by Garnet Hathaway and loses puck.
18:42 of 1st period - Slapshot by Benoit-Olivier Groulx.
18:42 of 1st period - Stopped by Oscar Dansk with a rebound.
19:08 of 1st period - Snap shot by Xavier Simoneau.
19:08 of 1st period - Stopped by Oscar Dansk with a rebound.
19:20 of 1st period - Snap shot by Riley Nash.
19:20 of 1st period - Stopped by Pheonix Copley without a rebound.
19:21 of 1st period - Riley Nash wins face-off versus Devin Shore in Abbotsford Heat zone.
19:22 of 1st period - Wrist shot by Jesse Ylonen.
19:22 of 1st period - Deflect By Riley Nash.
19:22 of 1st period - Shot Misses the Net.
19:22 of 1st period - Puck is out of play.
19:23 of 1st period - Devin Shore wins face-off versus Riley Nash in Abbotsford Heat zone.
Goals for this period are 0 for Abbotsford Heat vs 0 for Kelowna Rockets.
Shots for this period are 11 for Abbotsford Heat vs 7 for Kelowna Rockets.
2nd period
0:01 of 2nd period - Riley Nash wins face-off versus Nicolas Petan in neutral zone.
0:08 of 2nd period - Snap shot by Riley Nash.
0:08 of 2nd period - Shot Blocked by Nicolas Petan.
0:10 of 2nd period - Slapshot by Maxence Guenette.
0:10 of 2nd period - Stopped by Pheonix Copley with a rebound.
0:12 of 2nd period - Slapshot by Jake Bean.
0:12 of 2nd period - Deflect By Jesse Ylonen.
0:12 of 2nd period - Shot Blocked by Garnet Hathaway.
0:12 of 2nd period - Puck is out of play.
0:13 of 2nd period - Nicolas Petan wins face-off versus Mavrik Bourque in Abbotsford Heat zone.
0:28 of 2nd period - Snap shot by Nicolas Petan.
0:28 of 2nd period - Stopped by Oscar Dansk with a rebound.
0:38 of 2nd period - Ben Meyers is hit by Aku Raty and loses puck.
0:49 of 2nd period - Maxence Guenette is hit by Devin Shore and loses puck.
1:02 of 2nd period - Snap shot by Roby Jarventie.
1:02 of 2nd period - Shot Misses the Net.
1:04 of 2nd period - Snap shot by Maxence Guenette.
1:04 of 2nd period - Stopped by Pheonix Copley with a rebound.
1:06 of 2nd period - Snap shot by Roby Jarventie.
1:06 of 2nd period - Goal by Roby Jarventie - Abbotsford Heat : 0 - Kelowna Rockets : 1.
1:07 of 2nd period - Nicolas Petan wins face-off versus Mavrik Bourque in neutral zone.
1:15 of 2nd period - Off-side.
1:16 of 2nd period - Mavrik Bourque wins face-off versus Nicolas Petan in neutral zone.
1:21 of 2nd period - Snap shot by Mavrik Bourque.
1:21 of 2nd period - Shot Misses the Net.
1:25 of 2nd period - Snap shot by Bobby McMann.
1:25 of 2nd period - Shot Blocked by Rafael Harvey-Pinard.
1:27 of 2nd period - Wrist shot by Jake Christiansen.
1:27 of 2nd period - Stopped by Pheonix Copley with a rebound.
1:29 of 2nd period - Snap shot by Bobby McMann.
1:29 of 2nd period - Shot Misses the Net.
1:31 of 2nd period - Wrist shot by Mavrik Bourque.
1:31 of 2nd period - Goal by Mavrik Bourque - Abbotsford Heat : 0 - Kelowna Rockets : 2.
1:32 of 2nd period - Nicolas Petan wins face-off versus Oskar Back in neutral zone.
1:41 of 2nd period - Snap shot by Nicolas Petan.
1:41 of 2nd period - Goal by Nicolas Petan - Abbotsford Heat : 1 - Kelowna Rockets : 2.
1:42 of 2nd period - Ben Meyers wins face-off versus Riley Nash in neutral zone.
1:55 of 2nd period - Slapshot by Riley Nash.
1:55 of 2nd period - Goal by Riley Nash - Abbotsford Heat : 1 - Kelowna Rockets : 3.
1:56 of 2nd period - Oskar Back wins face-off versus Benoit-Olivier Groulx in neutral zone.
2:07 of 2nd period - Slapshot by Roby Jarventie.
2:07 of 2nd period - Shot Misses the Net.
2:10 of 2nd period - Icing by Gabriel Fortier.
2:11 of 2nd period - Benoit-Olivier Groulx wins face-off versus Mavrik Bourque in Abbotsford Heat zone.
2:11 of 2nd period - Benoit-Olivier Groulx is hit by Bobby McMann.
2:20 of 2nd period - Off-side.
2:21 of 2nd period - Mavrik Bourque wins face-off versus Nicolas Petan in neutral zone.
2:24 of 2nd period - Slapshot by Jake Bean.
2:24 of 2nd period - Stopped by Pheonix Copley without a rebound.
2:25 of 2nd period - Riley Nash wins face-off versus Nicolas Petan in Abbotsford Heat zone.
2:35 of 2nd period - Off-side.
2:36 of 2nd period - Oskar Back wins face-off versus Devin Shore in neutral zone.
2:45 of 2nd period - Slapshot by Devin Shore.
2:45 of 2nd period - Shot Misses the Net.
2:49 of 2nd period - Wrist shot by Devin Shore.
2:49 of 2nd period - Shot Misses the Net.
2:51 of 2nd period - Wrist shot by Vincent Iorio.
2:51 of 2nd period - Shot Misses the Net.
3:13 of 2nd period - Minor Penalty to Eemil Viro for Tripping.
3:14 of 2nd period - Matvei Petrov wins face-off versus Bobby McMann in Kelowna Rockets zone.
3:22 of 2nd period - Wrist shot by Ben Meyers.
3:22 of 2nd period - Stopped by Oscar Dansk without a rebound.
3:23 of 2nd period - Devin Shore wins face-off versus Bobby McMann in Kelowna Rockets zone.
3:26 of 2nd period - Snap shot by Devin Shore.
3:26 of 2nd period - Deflect By Ben Meyers.
3:26 of 2nd period - Goal by Ben Meyers - Abbotsford Heat : 2 - Kelowna Rockets : 3.
3:27 of 2nd period - Mavrik Bourque wins face-off versus Devin Shore in neutral zone.
3:30 of 2nd period - Tyler Wotherspoon is hit by Jake Bean and loses puck.
3:53 of 2nd period - Riley Nash is hit by Nikita Nesterenko and loses puck.
4:07 of 2nd period - Minor Penalty to Maxence Guenette for Interference.
4:08 of 2nd period - Nicolas Petan wins face-off versus Bobby McMann in Kelowna Rockets zone.
4:20 of 2nd period - Snap shot by Nicolas Petan.
4:20 of 2nd period - Shot Blocked by Hardy Haman Aktell.
6:07 of 2nd period - Penalty to Maxence Guenette is over, Maxence Guenette is back on ice.
6:16 of 2nd period - Snap shot by Maxence Guenette.
6:16 of 2nd period - Shot Misses the Net.
6:50 of 2nd period - Wrist shot by Roby Jarventie.
6:50 of 2nd period - Stopped by Pheonix Copley without a rebound.
6:51 of 2nd period - Xavier Simoneau wins face-off versus Oskar Back in Abbotsford Heat zone.
6:58 of 2nd period - Roby Jarventie is hit by Vincent Iorio and loses puck.
7:13 of 2nd period - Matvei Petrov is hit by Navrin Mutter and loses puck.
7:18 of 2nd period - Slapshot by Jake Bean.
7:18 of 2nd period - Shot Blocked by Vincent Iorio.
7:20 of 2nd period - Snap shot by Adam Sykora.
7:20 of 2nd period - Shot Misses the Net.
7:22 of 2nd period - Slapshot by Jake Bean.
7:22 of 2nd period - Shot Blocked by Devin Shore.
7:36 of 2nd period - Matvei Petrov is hit by Mavrik Bourque and loses puck.
7:45 of 2nd period - Slapshot by Bobby McMann.
7:45 of 2nd period - Shot Misses the Net.
8:24 of 2nd period - Wrist shot by Nikita Nesterenko.
8:24 of 2nd period - Shot Misses the Net.
8:39 of 2nd period - Icing by Adam Sykora.
8:40 of 2nd period - Adam Sykora wins face-off versus Nicolas Petan in Kelowna Rockets zone.
8:53 of 2nd period - Riley Bezeau is hit by Garnet Hathaway.
9:16 of 2nd period - Slapshot by Daniil Miromanov.
9:16 of 2nd period - Shot Misses the Net.
9:28 of 2nd period - Ben Meyers is hit by Jake Christiansen and loses puck.
9:51 of 2nd period - Snap shot by Xavier Simoneau.
9:51 of 2nd period - Stopped by Oscar Dansk with a rebound.
10:10 of 2nd period - Slapshot by Jake Bean.
10:10 of 2nd period - Stopped by Pheonix Copley with a rebound.
10:12 of 2nd period - Snap shot by Adam Sykora.
10:12 of 2nd period - Goal by Adam Sykora - Abbotsford Heat : 2 - Kelowna Rockets : 4.
10:13 of 2nd period - Garnet Hathaway wins face-off versus Mavrik Bourque in neutral zone.
10:43 of 2nd period - Slapshot by Uvis Balinskis.
10:43 of 2nd period - Shot Blocked by Eemil Viro.
10:59 of 2nd period - Riley Nash is hit by Gabriel Fortier and loses puck.
11:10 of 2nd period - Gabriel Fortier is hit by Riley Nash and loses puck.
11:46 of 2nd period - Minor Penalty to Hardy Haman Aktell for Cross-checking.
11:47 of 2nd period - Nicolas Petan wins face-off versus Joel Kiviranta in Kelowna Rockets zone.
12:13 of 2nd period - Jake Christiansen is hit by Ben Meyers and loses puck.
12:18 of 2nd period - Snap shot by Ben Meyers.
12:18 of 2nd period - Stopped by Oscar Dansk with a rebound.
12:20 of 2nd period - Snap shot by Matvei Petrov.
12:20 of 2nd period - Shot Misses the Net.
12:22 of 2nd period - Slapshot by Daniil Miromanov.
12:22 of 2nd period - Stopped by Oscar Dansk with a rebound.
13:44 of 2nd period - Lucas Condotta is hit by Jake Christiansen and loses puck.
13:46 of 2nd period - Penalty to Hardy Haman Aktell is over, Hardy Haman Aktell is back on ice.
13:49 of 2nd period - Snap shot by Roby Jarventie.
13:49 of 2nd period - Stopped by Pheonix Copley with a rebound.
13:51 of 2nd period - Wrist shot by Adam Sykora.
13:51 of 2nd period - Shot Misses the Net.
13:53 of 2nd period - Wrist shot by Jake Bean.
13:53 of 2nd period - Stopped by Pheonix Copley with a rebound.
13:55 of 2nd period - Wrist shot by Roby Jarventie.
13:55 of 2nd period - Shot Misses the Net.
13:57 of 2nd period - Wrist shot by Adam Sykora.
13:57 of 2nd period - Stopped by Pheonix Copley without a rebound.
13:58 of 2nd period - Oskar Back wins face-off versus Benoit-Olivier Groulx in Abbotsford Heat zone.
13:59 of 2nd period - Wrist shot by Roby Jarventie.
13:59 of 2nd period - Stopped by Pheonix Copley with a rebound.
14:01 of 2nd period - Slapshot by Eemil Viro.
14:01 of 2nd period - Deflect By Adam Raska.
14:01 of 2nd period - Shot Misses the Net.
14:01 of 2nd period - Puck is out of play.
14:02 of 2nd period - Benoit-Olivier Groulx wins face-off versus Oskar Back in Abbotsford Heat zone.
14:13 of 2nd period - Wrist shot by Adam Raska.
14:13 of 2nd period - Stopped by Pheonix Copley without a rebound.
14:14 of 2nd period - Devin Shore wins face-off versus Mavrik Bourque in Abbotsford Heat zone.
14:44 of 2nd period - Snap shot by Gabriel Fortier.
14:44 of 2nd period - Stopped by Oscar Dansk with a rebound.
14:46 of 2nd period - Slapshot by Tyler Wotherspoon.
14:46 of 2nd period - Shot Misses the Net.
14:48 of 2nd period - Slapshot by Nikita Nesterenko.
14:48 of 2nd period - Shot Misses the Net.
14:50 of 2nd period - Snap shot by Benoit-Olivier Groulx.
14:50 of 2nd period - Shot Blocked by Hardy Haman Aktell.
16:16 of 2nd period - Slapshot by Vincent Iorio.
16:16 of 2nd period - Deflect By Benoit-Olivier Groulx.
16:16 of 2nd period - Stopped by Oscar Dansk with a rebound.
16:40 of 2nd period - Slapshot by Aku Raty.
16:40 of 2nd period - Shot Misses the Net.
16:52 of 2nd period - Slapshot by Dennis Gilbert.
16:52 of 2nd period - Deflect By Xavier Simoneau.
16:52 of 2nd period - Goal by Xavier Simoneau - Abbotsford Heat : 3 - Kelowna Rockets : 4.
16:53 of 2nd period - Nicolas Petan wins face-off versus Mavrik Bourque in neutral zone.
16:56 of 2nd period - Jake Bean is hit by Garnet Hathaway and loses puck.
17:05 of 2nd period - Slapshot by Mavrik Bourque.
17:05 of 2nd period - Stopped by Pheonix Copley with a rebound.
17:45 of 2nd period - Wrist shot by Benoit-Olivier Groulx.
17:45 of 2nd period - Shot Misses the Net.
17:47 of 2nd period - Slapshot by Daniil Miromanov.
17:47 of 2nd period - Stopped by Oscar Dansk with a rebound.
18:05 of 2nd period - Wrist shot by Luke Toporowski.
18:05 of 2nd period - Shot Misses the Net.
19:13 of 2nd period - Snap shot by Aku Raty.
19:13 of 2nd period - Shot Blocked by Vincent Iorio.
19:15 of 2nd period - Snap shot by Riley Nash.
19:15 of 2nd period - Stopped by Pheonix Copley with a rebound.
19:36 of 2nd period - Snap shot by Luke Toporowski.
19:36 of 2nd period - Shot Misses the Net.
Goals for this period are 3 for Abbotsford Heat vs 4 for Kelowna Rockets.
Shots for this period are 11 for Abbotsford Heat vs 17 for Kelowna Rockets.
3rd period
0:01 of 3rd period - Mavrik Bourque wins face-off versus Nicolas Petan in neutral zone.
0:26 of 3rd period - Jesse Ylonen is hit by Dennis Gilbert and loses puck.
0:56 of 3rd period - Off-side.
0:57 of 3rd period - Joel Kiviranta wins face-off versus Nicolas Petan in neutral zone.
1:00 of 3rd period - Wrist shot by Mavrik Bourque.
1:00 of 3rd period - Stopped by Pheonix Copley with a rebound.
1:02 of 3rd period - Slapshot by Hardy Haman Aktell.
1:02 of 3rd period - Shot Blocked by Daniil Miromanov.
1:33 of 3rd period - Snap shot by Garnet Hathaway.
1:33 of 3rd period - Stopped by Oscar Dansk with a rebound.
1:49 of 3rd period - Icing by Christoffer Sedoff.
1:50 of 3rd period - Riley Nash wins face-off versus Devin Shore in Kelowna Rockets zone.
1:55 of 3rd period - Snap shot by Jesse Ylonen.
1:55 of 3rd period - Stopped by Pheonix Copley with a rebound.
2:01 of 3rd period - Slapshot by Daniil Miromanov.
2:01 of 3rd period - Stopped by Oscar Dansk without a rebound.
2:02 of 3rd period - Devin Shore wins face-off versus Mavrik Bourque in Kelowna Rockets zone.
2:13 of 3rd period - Slapshot by Devin Shore.
2:13 of 3rd period - Shot Misses the Net.
2:27 of 3rd period - Maxence Guenette is hit by Benoit-Olivier Groulx and loses puck.
3:33 of 3rd period - Snap shot by Ben Meyers.
3:33 of 3rd period - Shot Blocked by Jake Christiansen.
3:35 of 3rd period - Slapshot by Tyler Wotherspoon.
3:35 of 3rd period - Deflect By Joel Kiviranta.
3:35 of 3rd period - Stopped by Oscar Dansk without a rebound.
3:36 of 3rd period - Mavrik Bourque wins face-off versus Devin Shore in Kelowna Rockets zone.
3:41 of 3rd period - Snap shot by Bobby McMann.
3:41 of 3rd period - Stopped by Pheonix Copley without a rebound.
3:42 of 3rd period - Benoit-Olivier Groulx wins face-off versus Mavrik Bourque in Abbotsford Heat zone.
4:12 of 3rd period - Snap shot by Ben Meyers.
4:12 of 3rd period - Shot Blocked by Jake Bean.
4:14 of 3rd period - Wrist shot by Ben Meyers.
4:14 of 3rd period - Stopped by Oscar Dansk with a rebound.
4:18 of 3rd period - Wrist shot by Devin Shore.
4:18 of 3rd period - Stopped by Oscar Dansk with a rebound.
5:00 of 3rd period - Jake Christiansen is hit by Garnet Hathaway and loses puck.
6:05 of 3rd period - Wrist shot by Rafael Harvey-Pinard.
6:05 of 3rd period - Stopped by Oscar Dansk with a rebound.
6:17 of 3rd period - Wrist shot by Benoit-Olivier Groulx.
6:17 of 3rd period - Shot Misses the Net.
6:19 of 3rd period - Wrist shot by Benoit-Olivier Groulx.
6:19 of 3rd period - Goal by Benoit-Olivier Groulx - Abbotsford Heat : 4 - Kelowna Rockets : 4.
6:20 of 3rd period - Mavrik Bourque wins face-off versus Devin Shore in neutral zone.
6:23 of 3rd period - Slapshot by Jake Bean.
6:23 of 3rd period - Shot Misses the Net.
6:25 of 3rd period - Slapshot by Maxence Guenette.
6:25 of 3rd period - Shot Misses the Net.
6:27 of 3rd period - Slapshot by Mavrik Bourque.
6:27 of 3rd period - Stopped by Pheonix Copley with a rebound.
6:29 of 3rd period - Wrist shot by Bobby McMann.
6:29 of 3rd period - Shot Blocked by Devin Shore.
6:31 of 3rd period - Wrist shot by Bobby McMann.
6:31 of 3rd period - Stopped by Pheonix Copley with a rebound.
6:33 of 3rd period - Snap shot by Bobby McMann.
6:33 of 3rd period - Stopped by Pheonix Copley with a rebound.
6:35 of 3rd period - Snap shot by Jake Bean.
6:35 of 3rd period - Stopped by Pheonix Copley with a rebound.
6:58 of 3rd period - Oskar Back is hit by Nicolas Petan and loses puck.
7:26 of 3rd period - Icing by Riley Bezeau.
7:27 of 3rd period - Xavier Simoneau wins face-off versus Riley Nash in Kelowna Rockets zone.
7:30 of 3rd period - Snap shot by Luke Toporowski.
7:30 of 3rd period - Stopped by Oscar Dansk with a rebound.
8:12 of 3rd period - Slapshot by Nikita Nesterenko.
8:12 of 3rd period - Shot Blocked by Maxence Guenette.
8:14 of 3rd period - Wrist shot by Benoit-Olivier Groulx.
8:14 of 3rd period - Goal by Benoit-Olivier Groulx - Abbotsford Heat : 5 - Kelowna Rockets : 4.
8:15 of 3rd period - Nicolas Petan wins face-off versus Mavrik Bourque in neutral zone.
8:53 of 3rd period - Slapshot by Uvis Balinskis.
8:53 of 3rd period - Shot Blocked by Riley Nash.
8:55 of 3rd period - Slapshot by Devin Shore.
8:55 of 3rd period - Shot Misses the Net.
8:57 of 3rd period - Snap shot by Uvis Balinskis.
8:57 of 3rd period - Stopped by Oscar Dansk with a rebound.
9:17 of 3rd period - Snap shot by Benoit-Olivier Groulx.
9:17 of 3rd period - Stopped by Oscar Dansk with a rebound.
9:31 of 3rd period - Wrist shot by Luke Toporowski.
9:31 of 3rd period - Stopped by Oscar Dansk with a rebound.
10:00 of 3rd period - Snap shot by Lucas Condotta.
10:00 of 3rd period - Stopped by Oscar Dansk without a rebound.
10:01 of 3rd period - Joel Kiviranta wins face-off versus Garnet Hathaway in Kelowna Rockets zone.
10:06 of 3rd period - Garnet Hathaway is hit by Jake Christiansen and loses puck.
10:29 of 3rd period - Minor Penalty to Matvei Petrov for Slashing.
10:30 of 3rd period - Garnet Hathaway wins face-off versus Mavrik Bourque in Abbotsford Heat zone.
11:19 of 3rd period - Devin Shore is hit by Aku Raty and loses puck.
11:26 of 3rd period - Wrist shot by Jesse Ylonen.
11:26 of 3rd period - Deflect By Riley Nash.
11:26 of 3rd period - Stopped by Pheonix Copley without a rebound.
11:27 of 3rd period - Riley Nash wins face-off versus Garnet Hathaway in Abbotsford Heat zone.
11:34 of 3rd period - Snap shot by Aku Raty.
11:34 of 3rd period - Shot Misses the Net.
11:36 of 3rd period - Snap shot by Riley Nash.
11:36 of 3rd period - Stopped by Pheonix Copley without a rebound.
11:37 of 3rd period - Riley Nash wins face-off versus Garnet Hathaway in Abbotsford Heat zone.
11:38 of 3rd period - Wrist shot by Jesse Ylonen.
11:38 of 3rd period - Shot Hit the Post.
11:40 of 3rd period - Slapshot by Maxence Guenette.
11:40 of 3rd period - Shot Blocked by Uvis Balinskis.
12:03 of 3rd period - Off-side.
12:04 of 3rd period - Mavrik Bourque wins face-off versus Garnet Hathaway in neutral zone.
12:07 of 3rd period - Snap shot by Bobby McMann.
12:07 of 3rd period - Stopped by Pheonix Copley with a rebound.
12:09 of 3rd period - Snap shot by Mavrik Bourque.
12:09 of 3rd period - Stopped by Pheonix Copley without a rebound.
12:10 of 3rd period - Rafael Harvey-Pinard wins face-off versus Mavrik Bourque in Abbotsford Heat zone.
12:23 of 3rd period - Wrist shot by Bobby McMann.
12:23 of 3rd period - Shot Misses the Net.
12:29 of 3rd period - Penalty to Matvei Petrov is over, Matvei Petrov is back on ice.
12:37 of 3rd period - Snap shot by Aku Raty.
12:37 of 3rd period - Stopped by Pheonix Copley without a rebound.
12:38 of 3rd period - Benoit-Olivier Groulx wins face-off versus Riley Nash in Abbotsford Heat zone.
13:11 of 3rd period - Snap shot by Jesse Ylonen.
13:11 of 3rd period - Stopped by Pheonix Copley without a rebound.
13:12 of 3rd period - Mavrik Bourque wins face-off versus Nicolas Petan in Abbotsford Heat zone.
13:17 of 3rd period - Snap shot by Mavrik Bourque.
13:17 of 3rd period - Stopped by Pheonix Copley without a rebound.
13:18 of 3rd period - Bobby McMann wins face-off versus Nicolas Petan in Abbotsford Heat zone.
13:21 of 3rd period - Slapshot by Mavrik Bourque.
13:21 of 3rd period - Stopped by Pheonix Copley with a rebound.
13:23 of 3rd period - Wrist shot by Bobby McMann.
13:23 of 3rd period - Stopped by Pheonix Copley without a rebound.
13:24 of 3rd period - Devin Shore wins face-off versus Mavrik Bourque in Abbotsford Heat zone.
13:29 of 3rd period - Off-side.
13:30 of 3rd period - Devin Shore wins face-off versus Mavrik Bourque in neutral zone.
14:54 of 3rd period - Slapshot by Ben Meyers.
14:54 of 3rd period - Shot Misses the Net.
14:56 of 3rd period - Wrist shot by Vincent Iorio.
14:56 of 3rd period - Stopped by Oscar Dansk with a rebound.
14:58 of 3rd period - Wrist shot by Matvei Petrov.
14:58 of 3rd period - Goal by Matvei Petrov - Abbotsford Heat : 6 - Kelowna Rockets : 4.
14:59 of 3rd period - Riley Nash wins face-off versus Nicolas Petan in neutral zone.
15:04 of 3rd period - Wrist shot by Jesse Ylonen.
15:04 of 3rd period - Stopped by Pheonix Copley with a rebound.
15:21 of 3rd period - Icing by Nicolas Petan.
15:22 of 3rd period - Mavrik Bourque wins face-off versus Benoit-Olivier Groulx in Abbotsford Heat zone.
15:26 of 3rd period - Penalty Shot by Dennis Gilbert for Abbotsford Heat.
15:26 of 3rd period - Deke by Dennis Gilbert.
15:26 of 3rd period - Stopped by Oscar Dansk.
15:27 of 3rd period - Benoit-Olivier Groulx wins face-off versus Oskar Back in Abbotsford Heat zone.
15:57 of 3rd period - Wrist shot by Rafael Harvey-Pinard.
15:57 of 3rd period - Stopped by Oscar Dansk without a rebound.
15:58 of 3rd period - Nicolas Petan wins face-off versus Adam Sykora in Kelowna Rockets zone.
16:34 of 3rd period - Snap shot by Riley Bezeau.
16:34 of 3rd period - Stopped by Pheonix Copley without a rebound.
16:35 of 3rd period - Oskar Back wins face-off versus Benoit-Olivier Groulx in Abbotsford Heat zone.
16:42 of 3rd period - Slapshot by Tyler Wotherspoon.
16:42 of 3rd period - Stopped by Oscar Dansk with a rebound.
16:44 of 3rd period - Slapshot by Tyler Wotherspoon.
16:44 of 3rd period - Shot Blocked by Jake Bean.
16:46 of 3rd period - Wrist shot by Nikita Nesterenko.
16:46 of 3rd period - Stopped by Oscar Dansk with a rebound.
16:48 of 3rd period - Wrist shot by Nikita Nesterenko.
16:48 of 3rd period - Stopped by Oscar Dansk with a rebound.
17:06 of 3rd period - Wrist shot by Devin Shore.
17:06 of 3rd period - Stopped by Oscar Dansk without a rebound.
17:07 of 3rd period - Joel Kiviranta wins face-off versus Devin Shore in Kelowna Rockets zone.
18:31 of 3rd period - Off-side.
18:32 of 3rd period - Adam Raska wins face-off versus Benoit-Olivier Groulx in neutral zone.
18:32 of 3rd period - Roby Jarventie is hit by Gabriel Fortier and loses puck.
18:40 of 3rd period - Off-side.
18:41 of 3rd period - Oskar Back wins face-off versus Benoit-Olivier Groulx in neutral zone.
18:55 of 3rd period - Off-side.
18:56 of 3rd period - Luke Toporowski wins face-off versus Adam Sykora in neutral zone.
19:01 of 3rd period - Snap shot by Luke Toporowski.
19:01 of 3rd period - Deflect By Lucas Condotta.
19:01 of 3rd period - Stopped by Oscar Dansk with a rebound.
19:03 of 3rd period - Slapshot by Dennis Gilbert.
19:03 of 3rd period - Stopped by Oscar Dansk with a rebound.
19:05 of 3rd period - Snap shot by Xavier Simoneau.
19:05 of 3rd period - Shot Misses the Net.
19:07 of 3rd period - Slapshot by Dennis Gilbert.
19:07 of 3rd period - Stopped by Oscar Dansk without a rebound.
19:08 of 3rd period - Benoit-Olivier Groulx wins face-off versus Oskar Back in Kelowna Rockets zone.
19:33 of 3rd period - Dennis Gilbert is hit by Riley Bezeau and loses puck.
Goals for this period are 3 for Abbotsford Heat vs 0 for Kelowna Rockets.
Shots for this period are 23 for Abbotsford Heat vs 18 for Kelowna Rockets.
Back to the Top